 Dungeon Crawl Stone Soup version 0.28-a0-1629-gf728b707aa (webtiles) character file.

Game seed: 12154148958461294748

15736 testman the Fighter (level 12, -11/101 HPs)
             Began as a Djinni Hedge Wizard on Jan 24, 2022.
             Was a High Priest of Ashenzari.
             Mangled by a hell beast (15 damage)
             ... in a Gauntlet.
             The game lasted 01:32:12 (20733 turns).

testman the Fighter (Djinni Hedge Wizard)          Turns: 20733, Time: 01:32:12

Health: -11/101    AC:  5    Str:  9    XL:     12   Next: 61%
Gold:   476        EV: 16    Int: 21    God:    Ashenzari [*****.] SH: 10 Dex: 13

rFire   + + .      SeeInvis +   D - +1 short sword of Supernal Knowledge {speed, Melee, Evo} (curse)
rCold   x . .      Faith    .   w - +0 buckler "Lashed Seer" {Range, Evo} (curse)
rNeg    . . .      Spirit   .   b - +0 robe of the Unyielding Gaze {Self, Fort} (curse)
rPois   ∞          Reflect  +   n - +0 helmet of Ashenzari's Shame {Range, Cun} (curse)
rElec   .          Harm     .   l - +0 cloak of Curses and Power {Melee, Range} (curse)
rCorr   .          Rampage  .   u - +0 pair of gloves "Sun of the Ruined God" {Melee, Evo} (curse)
Will    +....      Clarity  +   (boots unavailable)
Stlth   ++........ NoTele   +   h - amulet of the Celestial Seer {Reflect SH+5, Cun, Fort} (curse)
HPRegen 0.26/turn               (no ring)
MPRegen 0.00/turn               (no ring)

@: brilliant, flying
A: sickness immunity, fire resistance 2, cold vulnerability 1, float, innate
caster, hp casting, extra vitality 1
a: Renounce Religion, Curse Item, Shatter the Chains


You were in a Gauntlet.
You worshipped Ashenzari.
Ashenzari was extremely pleased with you.
You visited 1 branch of the dungeon, and saw 11 of its levels.
You also visited: Bailey and Gauntlet.

You collected 551 gold pieces.
You spent 75 gold pieces at shops.

Inventory:

Hand Weapons
 D - the cursed +1 short sword of Supernal Knowledge (weapon) {speed, Melee, Evo}
   (You took it off an orc on level 6 of the Dungeon)

   Attacks with this weapon are significantly faster.
   It has a curse which improves the following skills: Melee Combat: Short
   Blades, Long Blades, Axes, Maces & Flails, Polearms, Staves and Unarmed
   Combat.
   Evocations: Evocations.
 R - a +2 short sword of speed
Missiles
 f - 397 stones
 o - 50 poisoned darts
 s - 4 throwing nets
 t - 4 atropa-tipped darts
 E - 17 boomerangs
Armour
 b - the cursed +0 robe of the Unyielding Gaze (worn) {Self, Fort}

   It has a curse which improves the following skills: Introspection: Fighting
   and Spellcasting.
   Fortitude: Armour and Shields.
 l - the cursed +0 cloak of Curses and Power (worn) {Melee, Range}
   (You found it on level 2 of the Dungeon)

   It has a curse which improves the following skills: Melee Combat: Short
   Blades, Long Blades, Axes, Maces & Flails, Polearms, Staves and Unarmed
   Combat.
   Ranged Combat: Slings, Bows, Crossbows and Throwing.
 n - the cursed +0 helmet of Ashenzari's Shame (worn) {Range, Cun}
   (You found it on level 3 of the Dungeon)

   It has a curse which improves the following skills: Ranged Combat: Slings,
   Bows, Crossbows and Throwing.
   Cunning:   Dodging and Stealth.
 u - the cursed +0 pair of gloves "Sun of the Ruined God" (worn) {Melee, Evo}
   (You found it on level 4 of the Dungeon)

   It has a curse which improves the following skills: Melee Combat: Short
   Blades, Long Blades, Axes, Maces & Flails, Polearms, Staves and Unarmed
   Combat.
   Evocations: Evocations.
 w - the cursed +0 buckler "Lashed Seer" (worn) {Range, Evo}
   (You found it on level 5 of the Dungeon)

   It has a curse which improves the following skills: Ranged Combat: Slings,
   Bows, Crossbows and Throwing.
   Evocations: Evocations.
Jewellery
 h - the cursed amulet of the Celestial Seer (around neck) {Reflect SH+5, Cun, Fort}
   (You found it on level 1 of the Dungeon)

   [amulet of reflection]

   It reflects blocked missile attacks.
   SH:        It affects your SH (+5).
   It has a curse which improves the following skills: Cunning: Dodging and
   Stealth.
   Fortitude: Armour and Shields.
Wands
 a - a wand of flame (11)
 p - a wand of polymorph (19)
 A - a wand of charming (1)
 F - a wand of digging (17)
 J - a wand of paralysis (7)
 K - a wand of acid (4)
Scrolls
 e - a scroll of silence
 k - 3 scrolls of vulnerability
 r - 2 scrolls of blinking
 y - 2 scrolls of holy word
 C - 3 scrolls of teleportation
 G - 2 scrolls of summoning
 I - 3 scrolls of enchant armour
 M - a scroll of magic mapping
 N - a scroll of enchant weapon
 O - a scroll of fear
 P - a scroll of brand weapon
Potions
 c - 2 potions of might
 d - 3 potions of haste
 g - a potion of flight
 i - 3 potions of curing
 q - 2 potions of invisibility
 v - 5 potions of mutation
 x - 5 potions of heal wounds
 z - 2 potions of ambrosia
 B - 2 potions of brilliance
 H - a potion of resistance
 S - a potion of lignification


   Skills:
 + Level 12.5(14.8) Fighting
 + Level 6.6(10.1) Dodging
 - Level 1.5(3.8) Stealth
 + Level 3.2(6.2) Shields
 + Level 10.1(12.4) Spellcasting
 - Level 4.2(8.3) Evocations


You had 10 spell levels left.
You knew the following spells:

 Your Spells              Type           Power      Damage    Failure   Level
a - Magic Dart            Conj           100%       1d8       1%          1
b - Blink                 Tloc           100%       N/A       1%          2
c - Call Imp              Summ           78%        N/A       1%          2
d - Slow                  Hex            100%       N/A       1%          1
e - Conjure Flame         Conj/Fire      78%        6-21      1%          3
f - Mephitic Cloud        Conj/Pois/Air  78%        N/A       1%          3
g - Pain                  Necr           100%       1d9       1%          1
h - Static Discharge      Conj/Air       78%        N/A       1%          2
i - Swiftness             Air            78%        N/A       1%          3
j - Ozocubu's Armour      Ice            78%        N/A       1%          3
k - Petrify               Tmut/Erth      78%        N/A       1%          4
Your spell library was empty.

Dungeon Overview and Level Annotations

Branches:
Dungeon (11/15)            Temple (0/1) D:7            Lair (0/6) D:8
    Orc (0/2) D:10         Bailey (visited)         Gauntlet (1/1)

Altars:
Ashenzari
Nemelex Xobeh

Shops:
D:2 (   D:5 !   D:8 ?

Annotations:
D:10 3 runed translucent doors, Erolcha; Theoretic's ghost, journeyman GnWn Gauntlet 11 transporters, 21 runed translucent doors


Innate Abilities, Weirdness & Mutations

You are immune to sickness and miasma.
You are immune to poison.
Your flesh is very heat resistant. (rF++)
You are vulnerable to cold. (rC-)
You float through the air rather than walking.
You learn spells naturally, not from books.
Your magical power is your life essence.
You have superior vitality. (+4 MHP)


Message History

The helpless hell beast fails to defend itself.
You hit the hell beast.
The hell beast is moderately wounded.
You flicker for a moment.
The helpless hell beast fails to defend itself.
You puncture the hell beast!
The hell beast is moderately wounded.
The helpless hell beast fails to defend itself.
You hit the hell beast.
The hell beast is moderately wounded.
The helpless hell beast fails to defend itself.
You hit the hell beast.
The hell beast is moderately wounded.
The helpless hell beast fails to defend itself.
You puncture the hell beast!
The hell beast is moderately wounded.
The helpless hell beast fails to defend itself.
You hit the hell beast.
The hell beast is moderately wounded.
The helpless hell beast fails to defend itself.
You hit the hell beast.
The hell beast is heavily wounded.
The helpless hell beast fails to defend itself.
You puncture the hell beast!
The hell beast is heavily wounded.
The hell beast is no longer petrified.
You block the hell beast's attack. The hell beast barely misses you.
Casting: Petrify (safe; 1% risk of failure)
Confirm with . or Enter, or press ? or * to list all spells.
Aiming: Petrify (safe; 1% risk of failure)
Press: ? - help, Shift-Dir - straight line, f/p - hell beast
Aim: a hell beast (heavily wounded, chance to affect: 81%)
You feel a surge of power!
The hell beast is moving more slowly.
You flicker back into view.
The hell beast bites you!
* * * LOW HITPOINT WARNING * * *
The hell beast closely misses you. The hell beast bites you!!
* * * LOW HITPOINT WARNING * * *
The hell beast tramples you!
You die...

.......≈....#.©.#.....##
......≈8≈...#...#.8...###
.......≈....#.©.#.....#8#
######...###########..###
©[!yy#...#..?)©=?..#..##
.....#...#..##.##..#..###
####.#...#.##...##.#..#8#
.#.#.#...#.#.....#.#..###
©....#...#....©2@..#..##
#.#.##...#.#.....#.#..###
####.#...#.##...##.#..#8#
.....#.∩.#..##.##..#..###
....y#...#.........#..##
######...###########..###
©......§......©.......#8#
......≈§≈............≈###
########################


You could see a hell beast (petrifying).

Vanquished Creatures
  2 two-headed ogres
  An orc knight (Bailey)
  2 trolls (D:8)
  Prince Ribbit (D:7)
  A wraith (D:10)
  4 yaks (D:10)
  A steam dragon (D:9)
  2 acid dragons
  2 water moccasins
  2 sky beasts
  2 ice beasts
  7 orc warriors
  A centaur (D:5)
  3 ogres
  3 wolves (D:8)
  4 kobold brigands
  4 scorpions
  2 gnoll sergeants
  4 bullfrogs
  A wyvern zombie (D:6)
  A water moccasin zombie (D:6)
  2 wyvern skeletons (D:6)
  A water moccasin skeleton (D:5)
  10 killer bees
  18 wights
  4 electric eels (D:8)
  A howler monkey (D:5)
  A jelly (D:6)
  3 centaur zombies
  A bullfrog zombie (D:5)
  A bullfrog skeleton (D:5)
  6 hounds
  8 orc priests
  A gnoll shaman (D:4)
  3 iguanas
  A scorpion zombie (D:5)
  11 orc wizards
  A killer bee zombie (D:8)
  3 howler monkey zombies (D:9)
  A howler monkey skeleton (D:5)
  22 gnolls
  11 adders
  A shadow imp (D:5)
  2 worms (D:3)
  2 dart slugs
  37 orcs
  3 ball pythons
  6 bats
  7 endoplasms
  12 hobgoblins
  6 jackals
  7 quokkas
  3 frilled lizards
  14 goblins
  35 kobolds
  9 rats
304 creatures vanquished.

Vanquished Creatures (others)
  12 plants
12 creatures vanquished.

Grand Total: 316 creatures vanquished

Notes
Turn   | Place    | Note
-------+----------+-------------------------------------------
     0 | D:1      | testman the Djinni Hedge Wizard began the quest for the
                  | Orb.
     0 | D:1      | Reached XP level 1. HP: 15/15 MP: 0/0
   347 | D:1      | Reached XP level 2. HP: 19/22 MP: 0/0
   400 | D:1      | Reached skill level 1 in Fighting
  1005 | D:1      | Reached XP level 3. HP: 25/27 MP: 0/0
  1005 | D:1      | Learned a level 1 spell: Pain
  1045 | D:1      | HP: 1/27 [constriction (1)]
  2106 | D:2      | Found a faded altar of an unknown god.
  2127 | D:2      | Reached skill level 2 in Fighting
  2377 | D:2      | Prayed at the altar of an unknown god.
  2377 | D:2      | Became a worshipper of Ashenzari the Shackled
  2407 | D:2      | Reached XP level 4. HP: 14/33 MP: 0/0
  2918 | D:2      | Found Kintivunt's Weapon Boutique.
  3300 | D:2      | Reached XP level 5. HP: 3/40 MP: 0/0
  3300 | D:2      | Learned a level 2 spell: Static Discharge
  4418 | D:3      | Reached skill level 3 in Fighting
  4424 | D:3      | Reached * piety under Ashenzari
  4762 | D:3      | Noticed an ogre
  4768 | D:3      | Killed an ogre
  4769 | D:3      | Reached XP level 6. HP: 35/47 MP: 0/0
  5492 | D:4      | Noticed a water moccasin
  5499 | D:4      | Killed a water moccasin
  5500 | D:4      | Reached skill level 4 in Fighting
  5564 | D:4      | Reached XP level 7. HP: 26/53 MP: 0/0
  5564 | D:4      | Learned a level 3 spell: Swiftness
  6340 | D:4      | Reached skill level 5 in Fighting
  6423 | D:4      | Reached ** piety under Ashenzari
  6667 | D:4      | Reached skill level 5 in Spellcasting
  6823 | D:4      | Reached XP level 8. HP: 57/60 MP: 0/0
  7137 | D:5      | Entered Level 5 of the Dungeon
  7213 | D:5      | Reached skill level 6 in Fighting
  7358 | D:5      | HP: 2/61 [water moccasin skeleton (6)]
  7853 | D:5      | Reached *** piety under Ashenzari
  8363 | D:5      | Reached skill level 7 in Fighting
  8639 | D:5      | Reached XP level 9. HP: 44/68 MP: 0/0
  8639 | D:5      | Learned a level 3 spell: Ozocubu's Armour
  9048 | D:5      | Found Tohorozi's Distillery.
  9056 | D:5      | Bought a potion of heal wounds for 75 gold pieces
  9640 | D:6      | Noticed a two-headed ogre
  9663 | D:6      | Killed a two-headed ogre
  9664 | D:6      | Reached skill level 8 in Fighting
 11072 | D:6      | Reached skill level 9 in Fighting
 11111 | D:6      | Reached XP level 10. HP: 16/78 MP: 0/0
 11662 | D:6      | Reached **** piety under Ashenzari
 12818 | D:7      | Reached skill level 10 in Fighting
 12911 | D:7      | Found a staircase to the Ecumenical Temple.
 13030 | D:7      | Noticed Prince Ribbit
 13053 | D:7      | Killed Prince Ribbit
 13745 | D:8      | Found Jena's Magic Scroll Emporium.
 13850 | D:8      | Noticed a two-headed ogre
 13868 | D:8      | Killed a two-headed ogre
 14670 | D:8      | Found a staircase to the Lair.
 14687 | D:8      | Reached skill level 11 in Fighting
 14696 | D:8      | Reached XP level 11. HP: 58/92 MP: 0/0
 14696 | D:8      | Learned a level 4 spell: Petrify
 15406 | D:8      | Found a sparkling altar of Nemelex Xobeh.
 16068 | D:9      | Reached skill level 1 in Shields
 16960 | D:9      | Reached ***** piety under Ashenzari
 17114 | D:10     | Entered Level 10 of the Dungeon
 17167 | D:10     | Found a staircase to the Orcish Mines.
 17193 | D:10     | Found a flagged portal.
 17217 | Bailey   | Entered a bailey
 17961 | Bailey   | Noticed an orc warlord
 18007 | Bailey   | Found a runed translucent gate.
 18008 | Bailey   | Found a runed translucent gate.
 18009 | Bailey   | Found a runed translucent gate.
 18016 | Bailey   | Noticed an orc knight
 18142 | Bailey   | Killed an orc knight
 19015 | Bailey   | Reached skill level 12 in Fighting
 19015 | Bailey   | Reached skill level 10 in Spellcasting
 19015 | Bailey   | Reached XP level 12. HP: 101/101 MP: 0/0
 20296 | D:10     | Found a runed translucent gate.
 20298 | D:10     | Found a runed translucent gate.
 20298 | D:10     | Found a runed translucent gate.
 20302 | D:10     | Noticed a nine-headed hydra
 20303 | D:10     | Noticed Theoretic's ghost (journeyman GnWn)
 20306 | D:10     | Noticed a ten-headed hydra
 20320 | D:10     | Noticed Erolcha
 20392 | D:11     | Found a gate leading to a gauntlet.
 20403 | Gauntlet | Entered a Gauntlet
 20403 | Gauntlet | Noticed a hell beast
 20403 | Gauntlet | Found a transporter.
 20403 | Gauntlet | Found a transporter.
 20404 | Gauntlet | Found a transporter.
 20407 | Gauntlet | Found a transporter.
 20407 | Gauntlet | Found a transporter.
 20408 | Gauntlet | Identified the ring "Siopal" {Fly rN+ Str+3 Stlth-}
 20409 | Gauntlet | Found a large runed translucent door.
 20410 | Gauntlet | Found a large runed translucent door.
 20411 | Gauntlet | Found a large runed translucent door.
 20411 | Gauntlet | Found a large runed translucent door.
 20411 | Gauntlet | Found a runed translucent door.
 20412 | Gauntlet | Found a large runed translucent door.
 20413 | Gauntlet | Found a large runed translucent door.
 20414 | Gauntlet | Found a large runed translucent door.
 20414 | Gauntlet | Found a large runed translucent door.
 20414 | Gauntlet | Noticed a green death
 20415 | Gauntlet | Found a runed translucent gate.
 20417 | Gauntlet | Found a transporter.
 20417 | Gauntlet | Identified the +1 lajatang "Demonbane" {venom, Dex+5}
 20428 | Gauntlet | Identified the ring of Hinij {rF+ Slay+3}
 20485 | Gauntlet | Found a transporter.
 20495 | Gauntlet | Found a transporter.
 20510 | Gauntlet | Found a transporter.
 20526 | Gauntlet | Found a transporter.
 20535 | Gauntlet | Found a transporter.
 20537 | Gauntlet | Found a large runed translucent door.
 20538 | Gauntlet | Found a large runed translucent door.
 20539 | Gauntlet | Found a large runed translucent door.
 20539 | Gauntlet | Found a large runed translucent door.
 20539 | Gauntlet | Identified the +1 cloak "Asates" {Str+2}
 20540 | Gauntlet | Found a runed translucent gate.
 20540 | Gauntlet | Found a large runed translucent door.
 20540 | Gauntlet | Found a large runed translucent door.
 20540 | Gauntlet | Found a runed translucent door.
 20541 | Gauntlet | Found a large runed translucent door.
 20542 | Gauntlet | Found a runed translucent gate.
 20542 | Gauntlet | Found a transporter.
 20542 | Gauntlet | Found a large runed translucent door.
 20545 | Gauntlet | Noticed a shock serpent
 20548 | Gauntlet | a shock serpent changed into a faun
 20619 | Gauntlet | Noticed a glowing orange brain
 20619 | Gauntlet | a merfolk changed into a glowing orange brain
 20627 | Gauntlet | a glowing orange brain changed into a water nymph
 20733 | Gauntlet | HP: 4/101 [hell beast (23)]
 20733 | Gauntlet | Mangled by a hell beast

Illustrated notes

Levels and vault maps discovered:
D:1:      minmay_arrival_diagonal_passages, layout_basic, minmay_heptomino_l4
D:2:      layout_basic, serial_shops, nicolae_lakefront_shop,
          chequers_ecumenical_altar_simple_redux, minmay_misc_feat_doors,
          grunt_ministairs_5
D:3:      layout_basic, serial_aquarium, aquarium_bridge_straight
          [aquarium_subvault_bridge, aquarium_subvault_wall,
          aquarium_subvault_bridge, aquarium_subvault_window],
          aquarium_bridge_square [aquarium_subvault_bridge,
          aquarium_subvault_bridge, aquarium_subvault_window,
          aquarium_subvault_wall], aquarium_window_3, aquarium_window_fake,
          aquarium_window_fake, aquarium_window_1, aquarium_view_2f,
          aquarium_view_2b, corexii_hall_statues_i
D:4:      layout_rooms, lexackson_kobold_supper
D:5:      layout_loops_ring, serial_shops, nicolae_square_shop, minivault_25
D:6:      layout_rooms, dk_noncrumbling_2, grunt_decor_resistance, minivault_22
D:7:      layout_basic, minmay_temple_entry_poolview, uniq_prince_ribbit1
D:8:      layout_cave_pods, mainiacjoe_overflow_alcove_4, erik_lair_island,
          serial_shops, nicolae_shop_hallway_plus
D:9:      layout_loops_ring
D:10:     layout_basic, enter_bailey_5, gammafunk_ghost_hydra_chop, uniq_erolcha
D:11:     layout_roguey, gauntlet_entry_generic, uniq_erica
Gauntlet: gammafunk_gauntlet_shortcut [gammafunk_gauntlet_arena_split_diamond,
          nicolae_gauntlet_arena_t_cross, gammafunk_gauntlet_arena_teeth,
          gammafunk_gauntlet_arena_grid, gammafunk_gauntlet_arena_split_x,
          minmay_gauntlet_arena_make_your_own_arena,
          nicolae_gauntlet_exit_dead_adventurers]

Skill      XL: |  1  2  3  4  5  6  7  8  9 10 11 12 |
---------------+-------------------------------------+-----
Fighting       | 1 2 3 4 5 7 9 11 12 | 12.5
Spellcasting   | 3 4 5 6 7 9 10 | 10.1
Shields        | 2 3 |  3.2
Dodging        | 6 |  6.6
Evocations     | 4 |  4.2
Stealth        | |  1.5

Action                   |  1- 3 |  4- 6 |  7- 9 | 10-12 || total
-------------------------+-------+-------+-------+-------++-------
Melee: Dagger            |    59 |    19 |    27 |       ||   105
       Staff             |       |     4 |     1 |       ||     5
       Punch             |       |       |     1 |       ||     1
       Short sword       |       |       |    13 |    89 ||   102
 Cast: Magic Dart        |    40 |    38 |    60 |   184 ||   322
       Pain              |    20 |    75 |   198 |   252 ||   545
       Mephitic Cloud    |     1 |     1 |     2 |     8 ||    12
       Conjure Flame     |       |     3 |     7 |     9 ||    19
       Static Discharge  |       |       |    39 |    89 ||   128
       Blink             |       |       |     1 |     3 ||     4
       Ozocubu's Armour  |       |       |       |     2 ||     2
       Petrify           |       |       |       |     4 ||     4
       Call Imp          |       |       |       |     2 ||     2
       Swiftness         |       |       |       |     1 ||     1
Invok: Curse Item        |     1 |     1 |     3 |     2 ||     7
Evoke: Wand              |       |       |       |     2 ||     2
  Use: Potion            |       |       |       |     3 ||     3
       Scroll            |       |       |       |     1 ||     1
 Stab: Sleeping          |       |     1 |     1 |       ||     2
       Petrified         |       |       |       |    16 ||    16
Armor: Robe              |     9 |     9 |    13 |    16 ||    47
Dodge: Dodged            |    46 |    22 |    44 |    81 ||   193
Block: Other             |     5 |     5 |    10 |       ||    20
       Reflection        |       |       |     2 |     8 ||    10
       Buckler           |       |       |     9 |    63 ||    72

Table legend: (Time is in decaauts)
 A = Elapsed time spent in this place.
 B = Non-inter-level travel time spent in this place.
 C = Inter-level travel time spent in this place.
 D = Time resting spent in this place.
 E = Time spent auto-exploring this place.
 F = Levels seen in this place.
 G = Mean time per level.
                   A        B        C        D        E       F      G
               +--------+--------+--------+--------+--------+-----+--------+
         Total |  20706 |  20443 |    263 |  10828 |   7014 |  13 | 1592.8 |
       Dungeon |  18519 |  18256 |    263 |   9539 |   6689 |  11 | 1683.5 |
        Bailey |   1859 |   1859 |      0 |   1289 |    180 |   1 | 1859.0 |
      Gauntlet |    327 |    327 |      0 |      0 |    145 |   1 |  327.0 |
               +--------+--------+--------+--------+--------+-----+--------+

Top non-repeatable levels by time:
     D:8: 2380 daAuts
     D:6: 2240 daAuts
     D:5: 2121 daAuts
     D:4: 2088 daAuts
     D:1: 2076 daAuts
     D:2: 1944 daAuts
  Bailey: 1859 daAuts
     D:9: 1487 daAuts
     D:7: 1420 daAuts
     D:3: 1377 daAuts
    D:10: 1368 daAuts
Gauntlet: 327 daAuts
    D:11: 13 daAuts
